[Event "ICC tourney 1994 (90 10)"]
[Site "Internet Chess Club"]
[Date "2020.09.07"]
[Round "6"]
[White "Openyagami"]
[Black "IndianTerritory"]
[Result "1-0"]
[ICCResult "Black resigns"]
[WhiteElo "2612"]
[BlackElo "1999"]
[Opening "QGD Slav: 4.e3"]
[ECO "D11"]
[NIC "EO.64"]
[Time "15:32:15"]
[TimeControl "5400+10"]

1. c4 c6 2. Nf3 d5 3. e3 Nf6 4. d4 Bg4 5. h3 Bxf3 6. Qxf3 e6 7. a3 Be7 8.
Nc3 O-O 9. g4 Nbd7 10. g5 Ne8 11. h4 dxc4 12. Bxc4 e5 13. Ba2 exd4 14. exd4
Nd6 15. Bf4 Qb6 16. O-O-O Nb5 17. h5 Nxc3 18. Qxc3 c5 19. g6 Qf6 20. Bxf7+
Kh8 21. Be3 b5 22. h6 hxg6 23. Bd5 g5 24. hxg7+ Kxg7 25. Bxa8 Rxa8 26. Rdg1
b4 27. Qd2 Qf5 28. Bxg5 Kf7 29. Bxe7 Rc8 30. d5 Kxe7 31. Rg5 Qf8 32. d6+ Kd8
33. Rgh5 Nf6 34. Rh8 {Black resigns} 1-0

[Event "ICC tourney 1994 (90 10)"]
[Site "Internet Chess Club"]
[Date "2020.09.07"]
[Round "6"]
[White "jy2020"]
[Black "Aniketshukla"]
[Result "1-0"]
[ICCResult "Black checkmated"]
[WhiteElo "2249"]
[BlackElo "2001"]
[Opening "French: Steinitz, Boleslavsky variation"]
[ECO "C11"]
[NIC "FR.04"]
[Time "15:32:24"]
[TimeControl "5400+10"]

1. e4 e6 2. d4 d5 3. Nc3 Nf6 4. e5 Nfd7 5. f4 c5 6. Nf3 Nc6 7. Be3 a6 8. Qd2
b5 9. dxc5 Bxc5 10. Bd3 d4 11. Nxd4 Nxd4 12. Ne4 Qf6 13. exf6 Ba7 14. Nd6+
Kf8 15. Be4 e5 16. Bxa8 exf4 17. Bxd4 f3 18. Bxa7 fxg2 19. Bxg2 Nxf6 20.
Nxc8 Ke8 21. Bc6+ Nd7 22. Qxd7+ Kf8 23. Qd8# {Black checkmated} 1-0

[Event "ICC tourney 1994 (90 10)"]
[Site "Internet Chess Club"]
[Date "2020.09.07"]
[Round "6"]
[White "kapilank"]
[Black "GutsyEdge"]
[Result "1-0"]
[ICCResult "Black checkmated"]
[WhiteElo "1930"]
[BlackElo "2045"]
[Opening "Sicilian: Kan, 5.Nc3"]
[ECO "B43"]
[NIC "SI.41"]
[Time "15:32:24"]
[TimeControl "5400+10"]

1. e4 c5 2. Nf3 e6 3. d4 cxd4 4. Nxd4 a6 5. Nc3 Qc7 6. Bd3 Nc6 7. Nxc6 dxc6
8. O-O e5 9. f4 Bc5+ 10. Kh1 Nf6 11. f5 Bd7 12. Qe2 h5 13. Bc4 h4 14. Bg5
Be7 15. Bxf6 Bxf6 16. a3 h3 17. g3 O-O-O 18. Bxf7 Bxf5 19. exf5 Qxf7 20. Ne4
Rd5 21. Rad1 Rhd8 22. Rde1 Qc7 23. Qh5 Qb6 24. b3 Qa5 25. Qxh3 Qxa3 26. g4
Kb8 27. g5 Be7 28. f6 Bf8 29. f7 Qb2 30. Qg2 Qd4 31. g6 c5 32. h4 c4 33. h5
cxb3 34. h6 gxh6 35. g7 Bxg7 36. c3 Qd3 37. Qxg7 b2 38. f8=Q b1=Q 39. Rxb1
Qxe4+ 40. Qf3 Qh4+ 41. Kg1 R8d7 42. Rxb7+ Rxb7 43. Qxb7+ Kxb7 44. Qxd5+ Ka7
45. Rf7+ Kb6 46. Rb7# {Black checkmated} 1-0

[Event "ICC tourney 1994 (90 10)"]
[Site "Internet Chess Club"]
[Date "2020.09.07"]
[Round "6"]
[White "shianen"]
[Black "Monkeybomb3605"]
[Result "1-0"]
[ICCResult "Black resigns"]
[WhiteElo "2216"]
[BlackElo "1995"]
[Opening "King's Indian: Kazakh variation"]
[ECO "E91"]
[NIC "KI.19"]
[Time "15:32:13"]
[TimeControl "5400+10"]

1. d4 Nf6 2. c4 g6 3. Nc3 Bg7 4. e4 d6 5. Nf3 O-O 6. Be2 Na6 7. O-O e5 8. d5
Nc5 9. Qc2 a5 10. Bg5 h6 11. Be3 b6 12. Nd2 Ng4 13. Bxg4 Bxg4 14. a3 f5 15.
f3 Bh5 16. b4 Nd7 17. Na4 f4 18. Bf2 g5 19. h3 Be8 20. c5 b5 21. Nc3 Nf6 22.
c6 h5 23. Nxb5 g4 24. bxa5 Qc8 25. hxg4 hxg4 26. Rfb1 Bh5 27. Bb6 gxf3 28.
Nxf3 Bxf3 29. gxf3 Nh5 30. Nxc7 Rf6 31. Kf2 Qh3 32. Rg1 Qh2+ 33. Rg2 Qh4+
34. Ke2 Ng3+ 35. Kd3 Qh5 {Black resigns} 1-0

[Event "ICC tourney 1994 (90 10)"]
[Site "Internet Chess Club"]
[Date "2020.09.07"]
[Round "6"]
[White "wangfang75"]
[Black "BreatheChessAls"]
[Result "1/2-1/2"]
[ICCResult "Game drawn by mutual agreement"]
[WhiteElo "1883"]
[BlackElo "1939"]
[Opening "Sicilian: Labourdonnais-Löwenthal (Kalashnikov) variation"]
[ECO "B32"]
[NIC "SI.32"]
[Time "15:32:14"]
[TimeControl "5400+10"]

1. e4 c5 2. Nf3 Nc6 3. d4 cxd4 4. Nxd4 e5 5. Nb5 d6 6. N1c3 a6 7. Na3 Be7 8.
Nd5 Nf6 9. f3 Nxd5 10. Qxd5 Be6 11. Qd1 O-O 12. Bc4 Rc8 13. c3 b5 14. Bb3
Na5 15. Bd5 Nc4 16. Nxc4 bxc4 17. O-O Qb6+ 18. Kh1 Bxd5 19. Qxd5 Qb5 20.
Qxb5 axb5 21. Be3 Ra8 22. a3 g6 23. g4 Rfb8 24. Rad1 Ra6 25. Rd5 Kf8 26. f4
Bf6 27. fxe5 Bxe5 28. Bf4 Bxf4 29. Rxf4 Ke7 30. g5 Rc6 31. Rh4 Rc5 32. Rxh7
Rxd5 33. exd5 Rc8 34. Rh4 Rc5 35. Rd4 f6 36. h4 f5 37. Kg2 Kf7 38. Kg3 Rc8
39. Kf4 Rh8 40. Kf3 Ra8 41. Rd2 Rh8 42. Kg3 Re8 43. Kf3 Rh8 44. Rh2 Re8 45.
Re2 Rh8 46. Re6 Rxh4 47. Rxd6 Rh2 48. Rf6+ Kg7 49. d6 Rxb2 50. Ke3 Rh2 51.
d7 Rh3+ 52. Kd4 Rd3+ 53. Kc5 Rxd7 54. Kxb5 Rd3 55. Kxc4 Rg3 56. Rd6 Rxg5 57.
a4 f4 58. Kd3 Rf5 59. Ke2 g5 60. Kf3 Ra5 61. Rd4 Kf6 62. Kg4 Ke6 63. Rb4 Kd6
64. Rd4+ Kc6 65. Re4 Rc5 66. Re8 Kb7 67. Rf8 Ka6 68. Ra8+
{Game drawn by mutual agreement}
1/2-1/2

[Event "ICC tourney 1994 (90 10)"]
[Site "Internet Chess Club"]
[Date "2020.09.07"]
[Round "6"]
[White "BlueJay01"]
[Black "tcao"]
[Result "1/2-1/2"]
[ICCResult "Game drawn by mutual agreement"]
[WhiteElo "2096"]
[BlackElo "1859"]
[Opening "English opening"]
[ECO "A20"]
[NIC "EO.24"]
[Time "15:32:42"]
[TimeControl "5400+10"]

1. c4 e5 2. g3 c6 3. d4 e4 4. Nc3 d5 5. cxd5 cxd5 6. f3 f5 7. Qb3 Nc6 8.
Qxd5 Qxd5 9. Nxd5 Nxd4 10. Nc7+ Kd8 11. Nxa8 Nc2+ 12. Kd1 Nxa1 13. Bg5+ Be7
14. Be3 {Game drawn by mutual agreement} 1/2-1/2

[Event "ICC tourney 1994 (90 10)"]
[Site "Internet Chess Club"]
[Date "2020.09.07"]
[Round "6"]
[White "imranchamp"]
[Black "playerlucky"]
[Result "1-0"]
[ICCResult "Black checkmated"]
[WhiteElo "1806"]
[BlackElo "1894"]
[Opening "French: Steinitz, Boleslavsky variation"]
[ECO "C11"]
[NIC "FR.04"]
[Time "15:32:15"]
[TimeControl "5400+10"]

1. e4 e6 2. d4 d5 3. Nc3 Nf6 4. e5 Nfd7 5. f4 c5 6. Nf3 Nc6 7. Be3 a6 8. a4
Qb6 9. Rb1 cxd4 10. Nxd4 Bc5 11. Nce2 Qa5+ 12. c3 Ba7 13. b4 Qc7 14. Qd2 O-O
15. a5 b6 16. Nxc6 Qxc6 17. Nd4 Qc7 18. Bd3 bxa5 19. O-O axb4 20. cxb4 Nb6
21. Rfc1 Qb7 22. Qc2 g6 23. Nc6 Nc4 24. Bxa7 Na3 25. Qb2 Nxb1 26. Bc5 Re8
27. Na5 Qb8 28. Qxb1 Bd7 29. Nb3 Bb5 30. Bc2 Qb7 31. Nd4 Bd7 32. Bd3 Rec8
33. g4 a5 34. b5 a4 35. f5 exf5 36. gxf5 gxf5 37. Nxf5 Bxf5 38. Bxf5 Rxc5
39. Rxc5 Qb6 40. Qb4 a3 41. Qg4+ Kf8 42. Qb4 a2 43. Kg2 a1=Q 44. Rc8+ Kg7
45. Qf8# {Black checkmated} 1-0

[Event "ICC tourney 1994 (90 10)"]
[Site "Internet Chess Club"]
[Date "2020.09.07"]
[Round "6"]
[White "ShadowApt"]
[Black "gmRohde"]
[Result "1/2-1/2"]
[ICCResult "Game drawn by mutual agreement"]
[WhiteElo "2108"]
[BlackElo "2453"]
[Opening "Sicilian: closed, 2...Nc6"]
[ECO "B23"]
[NIC "SI.44"]
[Time "15:33:07"]
[TimeControl "5400+10"]

1. e4 c5 2. Nc3 Nc6 3. Bb5 Nd4 4. Nf3 e6 5. O-O Ne7 6. Nxd4 cxd4 7. Ne2 a6
8. Bd3 Nc6 9. c3 Bc5 10. b3 O-O 11. Bb2 d5 12. Qc2 Qh4 13. exd5 exd5 14. a3
Bd6 15. g3 Qh5 16. Nxd4 Nxd4 17. cxd4 Bh3 18. Rfe1 Qf3 19. Bf1 Bxf1 20. Rxf1
f5 21. Qd1 Qd3 22. f4 Rae8 {Game drawn by mutual agreement} 1/2-1/2

[Event "ICC tourney 1994 (90 10)"]
[Site "Internet Chess Club"]
[Date "2020.09.07"]
[Round "6"]
[White "Yucheng"]
[Black "Blue-Elephant1"]
[Result "1/2-1/2"]
[ICCResult "Game drawn by mutual agreement"]
[WhiteElo "1907"]
[BlackElo "2087"]
[Opening "QGD Slav: 4.e3 Bf5"]
[ECO "D12"]
[NIC "SL.01"]
[Time "15:32:25"]
[TimeControl "5400+10"]

1. d4 d5 2. c4 c6 3. Nf3 Nf6 4. e3 Bf5 5. Nc3 e6 6. Be2 Nbd7 7. O-O Bd6 8.
b3 O-O 9. Bb2 Qe7 10. Rc1 Rad8 11. Bd3 Bg4 12. Be2 dxc4 13. bxc4 e5 14. d5
cxd5 15. Nxd5 Nxd5 16. Qxd5 e4 17. Nd4 Bxe2 18. Nxe2 Nc5 19. Qf5 Nd3 20. Rc2
Nxb2 21. Rxb2 Be5 22. Rb5 Rfe8 23. Ng3 Rd2 24. Qxe4 Bxg3 25. Qxe7 Bxf2+ 26.
Rxf2 Rd1+ 27. Rf1 Rxf1+ 28. Kxf1 Rxe7 {Game drawn by mutual agreement}
1/2-1/2

[Event "ICC tourney 1994 (90 10)"]
[Site "Internet Chess Club"]
[Date "2020.09.07"]
[Round "6"]
[White "tedchen"]
[Black "Gfprasanna"]
[Result "1-0"]
[ICCResult "Black resigns"]
[WhiteElo "2367"]
[BlackElo "2108"]
[Opening "QGD Slav: Carlsbad variation"]
[ECO "D17"]
[NIC "SL.04"]
[Time "15:32:22"]
[TimeControl "5400+10"]

1. d4 d5 2. c4 c6 3. Nf3 Nf6 4. Nc3 dxc4 5. a4 Bf5 6. Ne5 Nbd7 7. Nxc4 Qc7
8. g3 e5 9. dxe5 Nxe5 10. Bf4 Nfd7 11. Bg2 Be6 12. Nxe5 Nxe5 13. O-O f6 14.
Qc2 Qf7 15. Bxe5 fxe5 16. Ne4 Be7 17. Nc5 Bxc5 18. Qxc5 Qe7 19. Qxe5 O-O 20.
Rfd1 Rae8 21. a5 Qf7 22. Qd4 Bc4 23. e4 a6 24. Rd2 Bb5 25. f4 Qe7 26. Rad1
h6 27. e5 Qc7 28. b4 Qf7 29. Qc5 Qf5 30. Rd7 Rf7 31. R7d6 Rff8 32. Re1 Kh8
33. Be4 Qg4 34. Bb1 Re6 35. Rxe6 {Black resigns} 1-0

[Event "ICC tourney 1994 (90 10)"]
[Site "Internet Chess Club"]
[Date "2020.09.07"]
[Round "6"]
[White "Solidwrench2"]
[Black "SilverDuck"]
[Result "1-0"]
[ICCResult "Black resigns"]
[WhiteElo "1999"]
[BlackElo "1943"]
[Opening "Sicilian: Taimanov variation"]
[ECO "B45"]
[NIC "SI.39"]
[Time "15:32:17"]
[TimeControl "5400+10"]

1. e4 c5 2. Nf3 e6 3. d4 cxd4 4. Nxd4 Nc6 5. Nc3 Nf6 6. Be2 Bb4 7. Nxc6 bxc6
8. Qd3 d5 9. e5 Ne4 10. O-O Nxc3 11. bxc3 Be7 12. Qg3 g5 13. Bh5 Bb7 14. f4
Ba6 15. Be3 Bxf1 16. Rxf1 Qa5 17. fxg5 Rf8 18. Qf3 Kd7 19. Bxf7 Qxc3 20.
Bxe6+ Kxe6 21. Qh3+ Kxe5 22. Bf4+ Kd4 23. Be5+ Kxe5 24. Qxc3+ Kd6 25. Re1
Rae8 26. Qa3+ Kd7 27. Qxa7+ Kd6 28. Qa3+ Kd7 29. Qh3+ Kd8 30. Rb1 Bc5+ 31.
Kh1 Kc7 32. Qxh7+ Re7 33. Qh6 Rb8 34. Rf1 Rb4 35. g6 Be3 36. Qf8 Bg5 37. g7
{Black resigns}
1-0

[Event "ICC tourney 1994 (90 10)"]
[Site "Internet Chess Club"]
[Date "2020.09.07"]
[Round "6"]
[White "Ben1927829"]
[Black "RisingRook"]
[Result "0-1"]
[ICCResult "White checkmated"]
[WhiteElo "1856"]
[BlackElo "1977"]
[Opening "Sicilian: Taimanov (Bastrikov) variation"]
[ECO "B47"]
[NIC "SI.40"]
[Time "15:32:37"]
[TimeControl "5400+10"]

1. e4 c5 2. Nf3 e6 3. d4 cxd4 4. Nxd4 Nc6 5. Nc3 Qc7 6. Be2 a6 7. O-O Nf6 8.
Be3 Bb4 9. f3 O-O 10. g4 Bc5 11. Qd2 Nxd4 12. Bxd4 Bxd4+ 13. Qxd4 Qf4 14.
Rad1 b5 15. e5 Qxd4+ 16. Rxd4 Ne8 17. Rfd1 f6 18. f4 g5 19. Rf1 fxe5 20.
fxe5 Rf4 21. Rfxf4 gxf4 22. Rxf4 d6 23. Bf3 dxe5 24. Re4 Bb7 25. Re3 Bxf3
26. Rxf3 Nd6 27. Kf2 Rc8 28. Rd3 Nc4 29. b3 Nb2 30. Ke3 Nxd3 31. Kxd3 Kg7
32. Ne4 b4 33. h4 a5 34. Ng5 Rc3+ 35. Kd2 Rg3 36. Nxe6+ Kf6 37. Ng5 Kg6 38.
Ke2 Rxg4 39. Ke3 Rxh4 40. Nf3 Rh3 41. Ke4 Rxf3 42. Kxf3 Kf5 43. Ke3 e4 44.
Kd2 Kf4 45. Ke2 e3 46. c4 bxc3 47. b4 axb4 48. a3 b3 49. a4 c2 50. a5 c1=Q
51. a6 Qd2+ 52. Kf1 Qf2# {White checkmated} 0-1

[Event "ICC tourney 1994 (90 10)"]
[Site "Internet Chess Club"]
[Date "2020.09.07"]
[Round "6"]
[White "WR3311"]
[Black "mopaska1106"]
[Result "0-1"]
[ICCResult "White resigns"]
[WhiteElo "1852"]
[BlackElo "2038"]
[Opening "English: Anglo-Dutch defense"]
[ECO "A10"]
[NIC "HD.14"]
[Time "15:32:38"]
[TimeControl "5400+10"]

1. c4 f5 2. g3 Nf6 3. Nc3 g6 4. Bg2 Bg7 5. e3 O-O 6. Nge2 d6 7. O-O Nc6 8.
d4 e5 9. b3 Kh8 10. Bb2 Bd7 11. dxe5 dxe5 12. Qd2 Be6 13. Qxd8 Rfxd8 14.
Bxc6 bxc6 15. Rfd1 e4 16. Na4 Bf7 17. Nf4 g5 18. Ne2 Ng4 19. Bxg7+ Kxg7 20.
Nd4 Ne5 21. Nxf5+ Kf6 22. Nd4 Bh5 23. Rdc1 Nd3 24. Rc2 c5 25. Nb5 c6 26.
Nbc3 Bf3 27. Rd2 h5 28. Nb2 Ne5 29. Rxd8 Rxd8 30. Nba4 Nd3 31. Kf1 h4 32.
Ne2 h3 33. Ng1 Bg4 34. Nc3 Ke5 35. Nd1 Rf8 36. Ne2 Bf3 37. Nec3 Ke6 38. Rb1
Ne5 39. Na4 Bg2+ 40. Ke2 Nf3 41. Nxc5+ Kf5 42. Nc3 Nxh2 43. b4 Bf3+
{White resigns}
0-1

[Event "ICC tourney 1994 (90 10)"]
[Site "Internet Chess Club"]
[Date "2020.09.07"]
[Round "6"]
[White "Xuanli28"]
[Black "Heliosis"]
[Result "1-0"]
[ICCResult "Black checkmated"]
[WhiteElo "2114"]
[BlackElo "1861"]
[Opening "Giuoco Pianissimo"]
[ECO "C55"]
[NIC "IG.01"]
[Time "15:32:26"]
[TimeControl "5400+10"]

1. e4 e5 2. Nf3 Nc6 3. Bc4 Nf6 4. d3 Bc5 5. c3 d6 6. O-O a6 7. Bb3 Ba7 8.
Nbd2 O-O 9. Re1 Ne7 10. Nf1 Ng6 11. Ng3 h6 12. h3 Be6 13. Bxe6 fxe6 14. Qb3
Qd7 15. d4 exd4 16. cxd4 Kh8 17. Bd2 b5 18. Rac1 c5 19. Be3 c4 20. Qd1 d5
21. e5 Ne8 22. Qc2 Qf7 23. b3 Rc8 24. a4 Ne7 25. bxc4 Rxc4 26. Qd3 Rxa4 27.
Ra1 Rxa1 28. Rxa1 Nc7 29. Bd2 Bb6 30. Bb4 g5 31. Rc1 Rd8 32. Bxe7 Qxe7 33.
Rc6 Rb8 34. Nh5 Qh7 35. Qxh7+ Kxh7 36. Nf6+ Kg6 37. Nd7 Rb7 38. Rxb6 Rxb6
39. Nxb6 b4 40. Kf1 Kf5 41. Na4 Nb5 42. Nc5 a5 43. g4+ Kf4 44. Nd2 Nxd4 45.
Nd3# {Black checkmated} 1-0

[Event "ICC tourney 1994 (90 10)"]
[Site "Internet Chess Club"]
[Date "2020.09.07"]
[Round "6"]
[White "OneEverest"]
[Black "SkyAngel"]
[Result "0-1"]
[ICCResult "White resigns"]
[WhiteElo "2025"]
[BlackElo "2183"]
[Opening "Caro-Kann defense"]
[ECO "B15"]
[NIC "CK.05"]
[Time "15:32:15"]
[TimeControl "5400+10"]

1. e4 c6 2. d4 d5 3. Nc3 dxe4 4. Nxe4 Nf6 5. Ng3 h5 6. h3 c5 7. Nf3 Nc6 8.
Be3 cxd4 9. Nxd4 Qa5+ 10. c3 Nxd4 11. Bxd4 e5 12. Qe2 Bd6 13. Qb5+ Qxb5 14.
Bxb5+ Ke7 15. Be3 h4 16. Ne2 Be6 17. Ba4 Nd5 18. Bd2 Rad8 19. Bb3 f6 20.
O-O-O g5 21. f3 Bc5 22. Kb1 b5 23. Nc1 a5 24. Nd3 Bb6 25. Bc2 Nf4 26. Nxf4
gxf4 27. Be1 Rdg8 28. Bd3 Rxg2 29. Bxb5 Bf5+ 30. Bd3 Rd8 {White resigns} 0-1

[Event "ICC tourney 1994 (90 10)"]
[Site "Internet Chess Club"]
[Date "2020.09.07"]
[Round "6"]
[White "apapneja"]
[Black "TanitoluwaA"]
[Result "1-0"]
[ICCResult "Black checkmated"]
[WhiteElo "2015"]
[BlackElo "2033"]
[Opening "Caro-Kann: closed (Breyer) variation"]
[ECO "B10"]
[NIC "CK.01"]
[Time "15:32:16"]
[TimeControl "5400+10"]

1. e4 c6 2. d3 d5 3. Nd2 Nf6 4. Ngf3 Bg4 5. h3 Bc8 6. g3 Nbd7 7. e5 Ng8 8.
d4 e6 9. Bd3 c5 10. c3 Ne7 11. Nf1 Nc6 12. Be3 f6 13. exf6 Qxf6 14. Bg5 Qf7
15. Bf4 cxd4 16. cxd4 Bb4+ 17. N1d2 Bxd2+ 18. Qxd2 Qf6 19. O-O O-O 20. Rfe1
h6 21. h4 Re8 22. Qe3 Nf8 23. Be5 Qf7 24. Bb5 Bd7 25. Bxc6 Bxc6 26. Bd6 Nd7
27. Kg2 Nb6 28. Ne5 Nc4 29. Nxf7 Nxe3+ 30. Rxe3 Kxf7 31. Rf3+ Kg6 32. g4 e5
33. h5+ Kh7 34. Bxe5 Rxe5 35. dxe5 d4 36. Kg3 Bxf3 37. Kxf3 Rf8+ 38. Kg3 Kg8
39. Rd1 Rd8 40. f4 Kf7 41. Kf3 Ke6 42. Ke4 Rc8 43. Rxd4 Rc2 44. Rb4 b6 45.
f5+ Ke7 46. Kd5 Rc5+ 47. Ke4 Rc2 48. Kd3 Rc5 49. Re4 Rd5+ 50. Kc3 Ra5 51. a3
Rd5 52. e6 b5 53. Rd4 Rc5+ 54. Kb4 Rc7 55. Kxb5 Rb7+ 56. Kc6 Rxb2 57. Rd7+
Kf6 58. Rf7+ Ke5 59. e7 Rb8 60. Rf8 g5 61. Rxb8 a5 62. e8=Q+ Kf4 63. Kd5 a4
64. Qe4+ Kg3 65. f6 Kh4 66. f7 Kg3 67. f8=Q Kh4 68. Qf2+ Kh3 69. Qef3#
{Black checkmated}
1-0

[Event "ICC tourney 1994 (90 10)"]
[Site "Internet Chess Club"]
[Date "2020.09.07"]
[Round "6"]
[White "saiabhi29"]
[Black "Chessking2008"]
[Result "1-0"]
[ICCResult "Black resigns"]
[WhiteElo "2081"]
[BlackElo "2161"]
[Opening "Queen's pawn: London system"]
[ECO "A45"]
[NIC "QP.07"]
[Time "15:32:39"]
[TimeControl "5400+10"]

1. d4 Nf6 2. Bf4 c5 3. e3 d5 4. c3 Nc6 5. Nd2 Qb6 6. Qb3 c4 7. Qc2 g6 8. e4
Nxe4 9. Nxe4 dxe4 10. Bxc4 Bg7 11. Ne2 O-O 12. O-O Bf5 13. Be3 Qc7 14. Ng3
Rac8 15. Rac1 e6 16. Rfd1 Rfd8 17. Nxe4 Ne5 18. Be2 Qc6 19. f3 Nc4 20. Bxc4
Qxc4 21. Qb3 Bxe4 22. fxe4 Qe2 23. Re1 Qa6 24. e5 b5 25. Bf2 Rc4 26. a3 Qb7
27. Qa2 Rdc8 28. Qb3 a5 29. Be3 Qd5 30. Qd1 b4 31. axb4 axb4 32. Bd2 Bf8 33.
Qf3 bxc3 34. bxc3 Ra4 35. Qxd5 exd5 36. Ra1 Rca8 37. Rxa4 Rxa4 38. Rb1 Ra2
39. Be1 f6 40. exf6 Kf7 41. Rb5 Kxf6 42. Rxd5 Bh6 43. Re5 Bf4 44. Re8 Rc2
45. h4 Kf5 46. d5 Be5 47. g4+ Kf4 48. Kf1 Bxc3 49. Rc8 Bxe1 50. Rxc2 Bxh4
51. Rh2 Be7 52. Rxh7 Bd6 53. Rd7 Ke5 54. Kf2 Bf8 55. Kf3 Bh6 56. Rd8 Bd2 57.
d6 g5 58. Re8+ {Black resigns} 1-0

[Event "ICC tourney 1994 (90 10)"]
[Site "Internet Chess Club"]
[Date "2020.09.07"]
[Round "6"]
[White "investigator"]
[Black "hushboy"]
[Result "1/2-1/2"]
[ICCResult "Game drawn by mutual agreement"]
[WhiteElo "2114"]
[BlackElo "1926"]
[Opening "English: symmetrical variation"]
[ECO "A38"]
[NIC "EO.26"]
[Time "15:32:15"]
[TimeControl "5400+10"]

1. c4 g6 2. Nc3 Bg7 3. g3 c5 4. Bg2 Nc6 5. Nf3 Nf6 6. d4 cxd4 7. Nxd4 O-O 8.
O-O Nxd4 9. Qxd4 d6 10. Qd3 a6 11. Be3 Qc7 12. b3 Bf5 13. Qd2 Rac8 14. Rac1
Rfd8 15. Bd4 Be6 16. e4 Qa5 17. Rfd1 b5 18. Nd5 Qxd2 19. Rxd2 Nxd5 20. exd5
Bf5 21. Bxg7 Kxg7 22. Re2 Kf8 23. Be4 bxc4 24. Bxf5 gxf5 25. Rec2 Rc5 26.
bxc4 Rdc8 27. Kf1 e6 28. dxe6 fxe6 29. Ke2 Ke7 30. Kd3 R8c7 31. f4 Kf6 32.
h3 h5 33. Rf1 Rg7 34. Rg1 Rgc7 35. Rgc1 e5 36. fxe5+ dxe5 37. Rb1 Rd7+ 38.
Ke3 Rc6 39. Rb8 e4 40. Rc3 Ke5 41. Re8+ Re6 42. Rxe6+ Kxe6 43. g4 hxg4 44.
hxg4 Rg7 45. gxf5+ Kxf5 46. c5 Rg3+ 47. Kd4 Rxc3 48. Kxc3 Ke5 49. c6 Kd6 50.
Kd4 Kxc6 51. Kxe4 Kb5 52. Kd3 Kb4 {Game drawn by mutual agreement} 1/2-1/2

[Event "ICC tourney 1994 (90 10)"]
[Site "Internet Chess Club"]
[Date "2020.09.07"]
[Round "6"]
[White "IAlwaysWin"]
[Black "blueeagle405"]
[Result "0-1"]
[ICCResult "White resigns"]
[WhiteElo "2105"]
[BlackElo "2020"]
[Opening "English: symmetrical, main line with d4"]
[ECO "A39"]
[NIC "EO.26"]
[Time "15:33:07"]
[TimeControl "5400+10"]

1. Nf3 Nf6 2. c4 g6 3. g3 c5 4. Bg2 Nc6 5. O-O Bg7 6. Nc3 O-O 7. d4 cxd4 8.
Nxd4 Qb6 9. Nb3 d6 10. Be3 Qd8 11. h3 Be6 12. Nd5 Ne5 13. Rc1 Qd7 14. f4 Nc6
15. Kh2 Rfc8 16. Qd2 Rab8 17. Rfd1 Qd8 18. a3 b6 19. Nd4 Bxd5 20. cxd5 Na5
21. Nc6 Nxc6 22. dxc6 Qc7 23. b4 h5 24. b5 h4 25. g4 e5 26. Qxd6 Ne8 27.
Qxc7 Nxc7 28. a4 Re8 29. f5 Rbd8 30. Rd2 Rxd2 31. Bxd2 Rd8 32. Bg5 Rd4 33.
f6 Bf8 34. Bxh4 Rxa4 35. Bg3 Bd6 36. Rd1 Nxb5 37. Rd5 a6 38. Bxe5 Bxe5+ 39.
Rxe5 Rc4 40. Bd5 Rc5 41. e4 Nd4 42. Re7 Nxc6 43. Bxf7+ Kf8 44. Bxg6 Nxe7 45.
fxe7+ Kxe7 46. h4 a5 47. h5 a4 48. e5 Rxe5 49. h6 Kf6 50. Bb1 Re1 51. Bd3 a3
52. Bc4 a2 {White resigns} 0-1

[Event "ICC tourney 1994 (90 10)"]
[Site "Internet Chess Club"]
[Date "2020.09.07"]
[Round "6"]
[White "Zippycollar"]
[Black "Sricharan07"]
[Result "1-0"]
[ICCResult "Black resigns"]
[WhiteElo "1916"]
[BlackElo "1892"]
[Opening "King's Indian, 3.Nf3"]
[ECO "E61"]
[NIC "KI.76"]
[Time "15:32:38"]
[TimeControl "5400+10"]

1. d4 Nf6 2. c4 g6 3. Nf3 d6 4. Nc3 Bg7 5. Bf4 O-O 6. e3 a6 7. Be2 Nbd7 8.
O-O c5 9. Qc2 b6 10. Rfd1 Bb7 11. Bg3 Rc8 12. d5 Ne8 13. Ng5 Nc7 14. a4 Rb8
15. Rab1 Ba8 16. b3 Nf6 17. Nge4 Nxe4 18. Nxe4 b5 19. axb5 axb5 20. h3 b4
21. f4 Bb7 22. Ng5 Ra8 23. f5 Ra3 24. Bd3 h6 25. Nf3 g5 26. Nh2 Qa8 27. Qe2
Ne8 28. h4 Nf6 29. hxg5 hxg5 30. Ng4 Nd7 31. f6 Bxf6 32. Nh6+ Kg7 33. Qh5
Qe8 34. Nf5+ Kg8 35. Nxe7+ {Black resigns} 1-0

[Event "ICC tourney 1994 (90 10)"]
[Site "Internet Chess Club"]
[Date "2020.09.07"]
[Round "6"]
[White "sushi96"]
[Black "dopolian"]
[Result "0-1"]
[ICCResult "White resigns"]
[WhiteElo "1985"]
[BlackElo "2361"]
[Opening "Benoni: 6.e4"]
[ECO "A65"]
[NIC "BI.38"]
[Time "15:32:13"]
[TimeControl "5400+10"]

1. d4 Nf6 2. c4 c5 3. d5 e6 4. Nc3 exd5 5. cxd5 d6 6. e4 g6 7. Nge2 Bg7 8.
Ng3 h5 9. Be2 a6 10. a4 O-O 11. Bg5 Nbd7 12. O-O Re8 13. Qd2 Qc7 14. f3 Nh7
15. Bh6 Bd4+ 16. Be3 Bh8 17. f4 h4 18. Nh1 f5 19. Nf2 Ndf6 20. Bf3 fxe4 21.
Nfxe4 Bf5 22. Nxf6+ Nxf6 23. Bf2 h3 24. g3 Ng4 25. Bxg4 Bxg4 26. Rfe1 Bf5
27. Re2 Qf7 28. Rae1 Rxe2 29. Rxe2 Re8 30. Rxe8+ Qxe8 31. Qe3 Qf7 32. Qf3
Qd7 33. a5 Bf6 34. Qe2 Bd8 35. Qf3 Bxa5 36. Ne4 Qa4 37. Nc3 Qa1+ 38. Qd1
Qxb2 39. Ne2 Bg4 40. Kf1 Bxe2+ 41. Qxe2 Qc1+ 42. Be1 Qxe1+ 43. Qxe1 Bxe1 44.
Kxe1 a5 45. Kd2 a4 46. Kc3 b5 47. g4 b4+ 48. Kb2 a3+ 49. Ka2 g5 50. fxg5 Kg7
51. Kb3 c4+ 52. Ka2 Kg6 {White resigns} 0-1

[Event "ICC tourney 1994 (90 10)"]
[Site "Internet Chess Club"]
[Date "2020.09.07"]
[Round "6"]
[White "xyzchessdude"]
[Black "KnightHopper"]
[Result "0-1"]
[ICCResult "White resigns"]
[WhiteElo "2041"]
[BlackElo "2048"]
[Opening "Queen's pawn, Mason variation"]
[ECO "D00"]
[NIC "QP.08"]
[Time "15:32:14"]
[TimeControl "5400+10"]

1. d4 d5 2. Bf4 Nf6 3. e3 c5 4. c3 Qb6 5. Qb3 c4 6. Qc2 Nc6 7. Nd2 g6 8. e4
dxe4 9. Nxc4 Qd8 10. Ne3 Bg7 11. Bb5 O-O 12. Ne2 Qa5 13. Bxc6 bxc6 14. O-O
Bb7 15. b4 Qd8 16. Be5 Qd7 17. Ng3 Ba6 18. c4 Qe6 19. Rac1 Rfd8 20. Rfd1 h5
21. Nxe4 Nxe4 22. Qxe4 Kh7 23. Qf3 Bxe5 24. dxe5 Rxd1+ 25. Rxd1 Bxc4 26.
Nxc4 Qxc4 27. h3 Rb8 28. a3 a5 29. Re1 axb4 30. axb4 Rxb4 31. e6 f6 32. Qa3
Qd4 33. Qa8 c5 34. Qf8 Qd6 35. Qf7+ Kh6 36. Qf8+ Kg5 37. g3 Kf5 38. h4 Kg4
39. Qh6 Kh3 40. Qe3 Qd5 41. g4+ Kxh4 42. Qg3+ Kg5 43. Qe3+ Kxg4 44. Qg3+ Kf5
45. Kh2 Re4 46. Qh3+ Ke5 47. Qc3+ Kxe6 48. Qh3+ Kf7 49. Rg1 Qd4 {White
resigns} 0-1

[Event "ICC tourney 1994 (90 10)"]
[Site "Internet Chess Club"]
[Date "2020.09.07"]
[Round "6"]
[White "Yooper"]
[Black "musk6868"]
[Result "1-0"]
[ICCResult "Black resigns"]
[WhiteElo "2034"]
[BlackElo "2024"]
[Opening "English: symmetrical, Botvinnik system"]
[ECO "A36"]
[NIC "EO.30"]
[Time "15:32:28"]
[TimeControl "5400+10"]

1. c4 c5 2. g3 Nc6 3. Bg2 g6 4. Nc3 Bg7 5. e4 e6 6. Nge2 Nge7 7. O-O O-O 8.
d3 b6 9. Be3 Bb7 10. d4 cxd4 11. Nxd4 Ne5 12. b3 h5 13. h3 d5 14. f4 Nd7 15.
cxd5 exd5 16. e5 Nc5 17. Rc1 Ba6 18. Ndb5 Nf5 19. Bxc5 bxc5 20. Qd3 Qb6 21.
Kh2 Rad8 22. a4 c4 23. bxc4 dxc4 24. Qf3 Ne3 25. Rfe1 Nxg2 26. Qxg2 Bb7 27.
Ne4 a6 28. Nbd6 Rxd6 29. exd6 f5 30. Rb1 Qa5 31. Nf6+ Bxf6 32. Qxb7 Qd2+ 33.
Qg2 Qxd6 34. Qe2 Rc8 35. Qe6+ Qxe6 36. Rxe6 Kf7 37. Rbb6 Bd4 38. Rxa6 c3 39.
Rec6 Re8 40. Rc7+ Kf8 41. Kg2 Re2+ 42. Kf1 Re8 43. Rxg6 Ra8 44. Rd6 Be3 45.
Rxc3 Ke7 46. Rh6 Bd4 47. Rc7+ Kd8 48. Rc4 Bg7 49. Rxh5 {Black resigns} 1-0